 Dungeon Crawl Stone Soup version 0.26.1-11-gd32895ea62 (webtiles) character file.

Game seed: 8966694032252434226

2469 nothank2 the Carver (level 9, -3/73 (75) HPs)
             Began as a Formicid Fighter on July 16, 2021.
             Was a Follower of the Shining One.
             Engulfed by a cloud of steam (5 damage)
             ... on level 7 of the Dungeon.
             The game lasted 00:15:27 (6388 turns).

nothank2 the Carver (Formicid Fighter)              Turns: 6388, Time: 00:15:28

HP:   -3/73 (75)    AC: 10    Str: 27    XL:     9   Next: 80%
MP:   9/9           EV:  8    Int:  8    God:    the Shining One [*.....]
Gold: 527           SH: 11    Dex: 10    Spells: 8/8 levels left

rFire    . . .     SeeInvis +   B - +3 scimitar of Demonkind {holy, Str+3}
rCold    + . .     Faith    .   w - +1 kite shield
rNeg     . . .     Spirit   .   b - +0 scale mail
rPois    +         Reflect  .   (helmet unavailable)
rElec    .         Harm     .   (no cloak)
rCorr    .         Rampage  .   (no gloves)
Will     .....                  g - +2 pair of boots {Fly}
Stlth    ..........             (no amulet)
HPRegen  0.22/turn              q - ring of protection from cold
MPRegen  0.11/turn              t - ring of poison resistance

@: glowing, lightly drained
A: permanent stasis, dig shafts and tunnels, four strong arms, antennae 3
a: Dig, Shaft Self, Renounce Religion, Evoke Flight


You were on level 7 of the Dungeon.
You worshipped the Shining One.
The Shining One was aware of your devotion.
You visited 2 branches of the dungeon, and saw 8 of its levels.
You also visited: Ossuary.

You collected 734 gold pieces.
You spent 207 gold pieces at shops.

Inventory:

Hand Weapons
 a - a +0 long sword
 x - a +3 scimitar of holy wrath
 B - the +3 scimitar of Demonkind (weapon) {holy, Str+3}
   (You bought it in a shop on level 5 of the Dungeon)

   It has been blessed by the Shining One to cause great damage to the undead
   and demons.
   It affects your strength (+3).
Missiles
 i - 37 poisoned darts (quivered)
Armour
 b - a +0 scale mail (worn)
 g - a +2 pair of boots of flying (worn)
 w - a +1 kite shield (worn)
Jewellery
 q - a ring of protection from cold (left hand)
 t - a ring of poison resistance (right hand)
Wands
 e - a wand of paralysis (5)
Scrolls
 c - a scroll of fear {unknown}
 h - 9 scrolls of identify
 n - a scroll of enchant weapon
 y - 7 scrolls of remove curse
 E - a scroll of magic mapping {unknown}
 F - 2 scrolls of immolation {unknown}
 G - a scroll of fog {unknown}
Potions
 d - a potion of might
 f - 2 potions of lignification
 k - a potion of ambrosia
 l - a potion of magic
 m - 3 potions of mutation
 s - 5 potions of curing
 z - 4 potions of cancellation {unknown}
 A - 2 potions of berserk rage {unknown}
 C - 2 potions of heal wounds {unknown}
 D - 4 potions of attraction {unknown}
 H - 2 potions of brilliance {unknown}
 I - a potion of flight {unknown}


   Skills:
 + Level 8.6 Fighting
 * Level 10.4 Long Blades
 - Level 3.2 Armour
 - Level 3.6 Shields


You had 8 spell levels left.
You didn't know any spells.
Your spell library contained the following spells:

 Spells                   Type           Power        Failure   Level
 Corona                   Hex            0%           97%         1
 Slow                     Hex            0%           99%         2
 Inner Flame              Hex/Fire       0%           100%        3
 Portal Projectile        Hex/Tloc       0%           100%        3
 Animate Dead             Necr           0%           100%        4
 Cause Fear               Hex            0%           100%        4
 Leda's Liquefaction      Hex/Erth       0%           100%        4
 Borgnjor's Vile Clutch   Necr/Erth      0%           100%        5
 Death Channel            Necr           0%           100%        6
 Simulacrum               Ice/Necr       0%           100%        6


Dungeon Overview and Level Annotations

Branches:
Dungeon (7/15)             Temple (1/1) D:6         Ossuary (visited)

Altars:
Ashenzari
Cheibriados
Dithmenos
Elyvilon
Fedhas
Gozag
Hepliaklqana
Kikubaaqudgha
Nemelex Xobeh
Okawaru
Qazlal
Ru
Sif Muna
Trog
Uskayaw
Vehumet
Wu Jian
Yredelemnul
Zin
The Shining One

Shops:
D:5 (

Annotations:
D:4 2 runed translucent doors, 2 transporters


Innate Abilities, Weirdness & Mutations

You cannot be hasted, slowed, berserked, paralysed or teleported.
You can dig through walls and to a lower floor.
Your four strong arms can wield two-handed weapons with a shield.
You have a pair of large antennae on your head. (SInv)


Message History

The steam dragon is moderately wounded.
The steam dragon barely misses you. The steam dragon claws you.
* * * LOW HITPOINT WARNING * * *
You feel better.
The steam dragon bites you but does no damage.
The steam dragon claws you.
* * * LOW HITPOINT WARNING * * *
You hit the steam dragon.
The steam dragon is moderately wounded.
The steam dragon bites you but does no damage.
You block the steam dragon's attack.
You slash the steam dragon!
The steam dragon is severely wounded.
The steam dragon breathes steam at you. The ball of steam hits you!
* * * LOW HITPOINT WARNING * * *
You slice the steam dragon!!
You kill the steam dragon!
You are engulfed in a cloud of scalding steam.
You die...

............# #.....
............# #......
............# .......
#...........###.......
###.......#.##........
##.....##..#........
##....##....†......
######(.#.........
##).##@........
##()####........
##))## ##......#
##....## #....##
##......### #...#
##.........## #### ##
##..#........##
.####..#..........##
......##...........#


There were no monsters in sight!

Vanquished Creatures
  Pikel (D:5)
  A steam dragon (D:7)
  2 orc warriors (D:7)
  An ice beast (D:6)
  An ogre (D:4)
  2 sky beasts
  A centaur (D:6)
  2 big kobolds (D:7)
  A lemure (D:5)
  3 bullfrogs
  A quasit (D:6)
  A centaur zombie (D:7)
  An iron imp (D:5)
  2 hounds (D:4)
  2 jellies
  A centaur skeleton (D:6)
  A bullfrog skeleton (D:6)
  2 orc priests (D:7)
  5 orc wizards
  3 iguanas
  A killer bee zombie (D:7)
  6 worker ants
  8 mummies (Ossuary)
  7 adders
  A shadow imp (D:5)
  A white imp (D:5)
  An ufetubus (D:7)
  An ooze (D:4)
  2 worms (D:2)
  2 dart slugs
  2 leopard geckos
  19 orcs
  8 giant cockroaches
  A gnoll zombie (Ossuary)
  7 goblins
  6 hobgoblins
  5 jackals
  19 kobolds
  3 quokkas
  2 bats (D:2)
  3 frilled lizards
  A goblin skeleton (D:5)
  A goblin zombie (D:5)
  3 hobgoblin zombies
  A kobold skeleton (D:5)
  5 kobold zombies
  An orc skeleton (D:5)
  3 orc zombies
  5 rats
159 creatures vanquished.

Vanquished Creatures (others)
  A hound (D:7)
  6 plants (D:4)
7 creatures vanquished.

Grand Total: 166 creatures vanquished

Notes
Turn   | Place    | Note
-------+----------+-------------------------------------------
     0 | D:1      | nothank2 the Formicid Fighter began the quest for the Orb.
     0 | D:1      | Reached XP level 1. HP: 18/18 MP: 1/1
    89 | D:1      | Reached XP level 2. HP: 20/24 MP: 2/2
   889 | D:2      | Reached XP level 3. HP: 30/30 MP: 3/3
   894 | D:2      | Reached skill level 3 in Long Blades
  1357 | D:2      | Reached XP level 4. HP: 37/37 MP: 4/4
  1948 | D:3      | You fall into a shaft and drop 1 floor!
  1948 | D:4      | Found a large runed translucent door.
  1948 | D:4      | Found a large runed translucent door.
  1948 | D:4      | Found a large runed translucent door.
  1948 | D:4      | Found a large runed translucent door.
  2019 | D:4      | Reached skill level 4 in Long Blades
  2019 | D:4      | Reached XP level 5. HP: 43/43 MP: 5/5
  2465 | D:4      | Found an ancient bone altar of Kikubaaqudgha.
  2501 | D:4      | Found a transporter.
  2570 | D:4      | Noticed an ogre
  2581 | D:4      | HP: 1/43 [ogre/+0 giant spiked club (20)]
  2582 | D:4      | Killed an ogre
  2583 | D:4      | Reached skill level 5 in Fighting
  2583 | D:4      | Reached skill level 5 in Long Blades
  2583 | D:4      | Reached XP level 6. HP: 2/51 MP: 6/6
  2602 | D:4      | Found a transporter.
  3218 | D:4      | Reached XP level 7. HP: 30/56 MP: 7/7
  3477 | D:5      | Entered Level 5 of the Dungeon
  3517 | D:5      | Found Soejeixyhu's Antique Weapon Emporium.
  3523 | D:5      | Bought a steaming scimitar for 207 gold pieces
  3523 | D:5      | Identified the +3 scimitar of Demonkind {holy, Str+3} (You
                  | bought it in a shop on level 5 of the Dungeon)
  3545 | D:5      | Noticed Pikel
  3547 | D:5      | Found a glowing golden altar of the Shining One.
  3562 | D:5      | Killed Pikel
  3563 | D:5      | Reached skill level 7 in Long Blades
  3563 | D:5      | Reached XP level 8. HP: 23/65 MP: 8/8
  3858 | D:5      | Found a sand-covered staircase.
  3863 | Ossuary  | Entered an ossuary
  4228 | D:5      | Found a hazy altar of Hepliaklqana.
  4268 | D:5      | Reached skill level 8 in Long Blades
  4362 | D:5      | Found a snail-covered altar of Cheibriados.
  4400 | D:6      | Found a staircase to the Ecumenical Temple.
  4615 | Temple   | Entered the Ecumenical Temple
  4715 | D:5      | Became a worshipper of the Shining One
  4725 | D:6      | Found a sacrificial altar of Ru.
  4744 | D:6      | Found an iron altar of Okawaru.
  4789 | D:6      | Found a hide-covered altar of Uskayaw.
  4808 | D:6      | Reached XP level 9. HP: 70/72 MP: 9/9
  4819 | D:6      | Found a snail-covered altar of Cheibriados.
  4889 | D:6      | Reached skill level 9 in Long Blades
  5031 | D:6      | Found a blossoming altar of Fedhas.
  5031 | D:6      | Found an opulent altar of Gozag.
  5036 | D:6      | Found an ornate altar of the Wu Jian Council.
  5820 | D:7      | Reached skill level 10 in Long Blades
  6368 | D:7      | Reached * piety under the Shining One
  6384 | D:7      | HP: 3/73 [steam dragon (5)]
  6388 | D:7      | Engulfed by a cloud of steam

Illustrated notes

Levels and vault maps discovered:
D:1:      lemuel_arrival_room, layout_basic, hex_tiny
D:2:      layout_loops_corners, chequers_serial_rivers_large_a
D:3:      layout_basic, grunt_temple_overflow_champion_of_chaos
D:4:      layout_basic, overflow_temple_1_default,
          gammafunk_ghost_gnarly_gnolls, minmay_hollow_rounded_squares
D:5:      layout_rooms, nzn_hepliaklqana_mist_gate,
          nicolae_tso_besieged_by_evil, enter_ossuary_2, serial_shops,
          kennysheep_little_box, kennysheep_slug_shrine, uniq_pikel
D:6:      layout_cave_pools, nicolae_overflow_quartered_altars,
          grunt_temple_overflow_open, minmay_temple_entry_mist,
          kennysheep_generic_room_7
D:7:      layout_cave_pods, enter_bailey_5, serial_column_ruins,
          column_ruins_temple_circle, column_ruins_columns_corner,
          column_ruins_open_tiny, column_ruins_columns_corner,
          column_ruins_open_tiny, column_ruins_open_tiny, st_stairs_4,
          uniq_menkaure
Temple:   eino_wide_crystal_templ

Skill      XL: |  1  2  3  4  5  6  7  8  9 |
---------------+----------------------------+-----
Long Blades    | 3 4 5 7 8 10 | 10.4
Fighting       | 4 5 6 7 8 |  8.6
Armour         | |  3.2
Shields        | |  3.6

Action                   |  1- 3 |  4- 6 |  7- 9 || total
-------------------------+-------+-------+-------++-------
Melee: Long sword        |    97 |   112 |       ||   209
       Scimitar          |       |       |   252 ||   252
Throw: Dart              |       |    12 |     7 ||    19
 Abil: Stop Flying       |     1 |       |       ||     1
  Use: Scroll            |       |       |    13 ||    13
       Potion            |       |       |     1 ||     1
Armor: Scale mail        |    39 |    36 |   124 ||   199
Dodge: Dodged            |    30 |    34 |    75 ||   139
Block: Kite shield       |    55 |    49 |   127 ||   231
       Rpst.: Long sword |     6 |     9 |       ||    15
       Scimitar          |       |       |    22 ||    22
